 Dungeon Crawl Stone Soup version 0.29.1-2-gbd0b4ee654 (webtiles) character file.

Game seed: 13723010061650314565

27 qeuew the Trooper (level 3, -12/19 HPs)
             Began as a Vine Stalker Fighter on Nov 8, 2022.
             Mangled by an ogre
             ... wielding a +0 giant club
              (24 damage)
             ... on level 2 of the Dungeon.
             The game lasted 00:01:27 (1061 turns).

qeuew the Trooper (Vine Stalker Fighter)            Turns: 1061, Time: 00:01:27

Health: -12/19     AC:  6    Str: 18    XL:     3   Next: 10%
Magic:  0/5        EV:  9    Int:  8    God:
Gold:   66         SH:  5    Dex: 15    Spells: 3/3 levels left

rFire   . . .      SeeInvis +   a - +0 war axe
rCold   . . .      Faith    .   c - +0 buckler
rNeg    . . .      Spirit   +   b - +0 scale mail
rPois   .          Reflect  .   (no helmet)
rElec   .          Harm     .   (no cloak)
rCorr   .          Rampage  .   (no gloves)
Will    +....                   (no boots)
Stlth   ..........              (no amulet)
HPRegen 0.06/turn               h - ring of see invisible
MPRegen 0.09/turn               i - ring of willpower

@: no status effects
A: fangs 2, magic shield, antimagic bite, no potion heal 2
a: no special abilities


You were on level 2 of the Dungeon.
You visited 1 branch of the dungeon, and saw 2 of its levels.

You collected 66 gold pieces.

Inventory:

Hand Weapons
 a - a +0 war axe (weapon)
Armour
 b - a +0 scale mail (worn)
 c - a +0 buckler (worn)
Jewellery
 h - a ring of see invisible (left hand)
 i - a ring of willpower (right hand)
Scrolls
 f - a scroll of enchant armour
 j - a scroll of teleportation
Potions
 d - a potion of might
 g - a potion of lignification {unknown}


   Skills:
 + Level 2.9 Fighting
 + Level 2.1 Axes
 + Level 2.6 Armour
 + Level 0.6 Dodging
 + Level 2.9 Shields
 + Level 0.7 Spellcasting


You had 3 spell levels left.
You didn't know any spells.
Your spell library was empty.

Dungeon Overview and Level Annotations

Branches:
Dungeon (2/15)

Altars:


Innate Abilities, Weirdness & Mutations

You have extremely sharp teeth.
When hurt, damage is shared between your health and your magic reserves.
Your bite disrupts and absorbs the magic of your enemies.
Potions cannot restore your health.


Message History

You drop a scroll of noise.
You drop 3 scrolls of immolation.
(D) Dungeon
Where to? (? - help)
What level of the Dungeon? (default 1, ? - help)
There is a stone staircase leading down here.
You climb downwards.
Found a glowing dagger.
There is a stone staircase leading up here.
You see here a +0 vampiric dagger.
Found a club.
Found a stone staircase leading down.
There is a stone staircase leading down here.
You now have 66 gold pieces (gained 11).
e - a ring of positive energy
Found a scale mail.
g - a bubbling brown potion
Found a stone staircase leading up.
i - a ring of willpower
i - a ring of willpower (right hand)
You drop a ring of positive energy.
An ogre and a bat come into view.
The ogre shouts!
The bat hits you but does no damage.
You closely miss the bat. You bite the bat. You drain its power.
The bat is severely wounded.
The bat misses you. The bat barely misses you.
You hit the bat.
You kill the bat!
You hit the ogre.
The ogre is lightly wounded.
The ogre hits you with a +0 giant club!
You hit the ogre. You bite the ogre. You drain its power.
You feel invigorated.
The ogre is moderately wounded.
The ogre barely misses you.
You hit the ogre. You bite the ogre. You drain its power.
The ogre is heavily wounded.
The ogre hits you with a +0 giant club!!
Ouch! That really hurt!
You die...

### ..# #######.## .
...... ##+
#.#.##.####
....#.#.##.##..
............#.#
.......@##..#.#
##....O###[=#.#
#..... #..#.#######
###... #...........
.......<#.#........
###...####.#..######
#... #.#..# #..#
#.#..# #.#..# ####


You could see an ogre.

Vanquished Creatures
  A dart slug (D:1)
  3 ball pythons (D:1)
  A bat (D:2)
  3 endoplasms (D:1)
  A giant cockroach (D:1)
  8 goblins (D:1)
  A hobgoblin (D:1)
  2 frilled lizards (D:1)
  A rat (D:1)
21 creatures vanquished.

Notes
Turn   | Place    | Note
-------+----------+-------------------------------------------
     0 | D:1      | qeuew the Vine Stalker Fighter began the quest for the Orb.
     0 | D:1      | Reached XP level 1. HP: 11/11 MP: 2/2
   142 | D:1      | Reached XP level 2. HP: 15/16 MP: 3/3
   736 | D:1      | Reached XP level 3. HP: 19/19 MP: 3/5
  1055 | D:2      | Noticed an ogre
  1061 | D:2      | Mangled by an ogre

Illustrated notes

Levels and vault maps discovered:
D:1:      minmay_arrival_stair_chambers, layout_loops_ring
D:2:      layout_basic, basic_altar, hellmonk_ecumenical_altar_lost_god

Skill      XL: |  1  2 |
---------------+-------+-----
Axes           | 2 |  2.1
Fighting       | |  2.9
Armour         | |  2.6
Dodging        | |  0.6
Shields        | |  2.9
Spellcasting   | |  0.7

Action                   || total
-------------------------++-------
Melee: War axe           ||    50
       Bite              ||    13
  Use: Scroll            ||     6
Armor: Scale mail        ||    16
Dodge: Dodged            ||    20
Block: Buckler           ||     6
